Map: Orbital Shipyard

Players

Ngu

  • Race: Protoss Protoss
  • League: Grandmaster

SticklerMac - Winner!

  • Race: Zerg Zerg
  • League: Silver

VOD

Have the link to the VOD?

Description

Time

  • Played on: Sept. 20, 2015, 10:27 a.m.
  • Length: 9:26
Show
View Real Time Build Order
Export as new Build Order

Ngu Protoss 

Build Orders:  

Get SALT Encoding   

  12  0:01  Probe (Chrono Boost)  
  13  0:11  Probe (Chrono Boost)  
  14  0:18  Pylon  
  14  0:21  Probe (Chrono Boost)  
  15  0:37  Gateway  
  15  0:38  Probe (Chrono Boost)  
  16  0:47  Assimilator  
  16  0:48  Probe (Chrono Boost)  
  17  0:57  Probe (Chrono Boost)  
  18  1:07  Probe (Chrono Boost)  
  19  1:14  Gateway  
  19  1:16  Pylon  
  19  1:17  Probe (Chrono Boost)  
  20  1:24  Zealot  
  22  1:34  Probe (Chrono Boost)  
  22  1:39  Assimilator  
  23  1:44  Probe (Chrono Boost)  
  24  1:48  Assimilator  
  24  1:56  Zealot (Chrono Boost)  
  24  2:00  Zealot (Chrono Boost)  
  26  2:04  Probe  
  29  2:10  Cybernetics Core  
  29  2:16  Probe  
  30  2:28  Probe  
  31  2:36  Pylon, Warp Gate (Chrono Boost)  
  31  2:43  Pylon  
  31  2:56  Zealot (Chrono Boost)  
  31  2:58  Zealot (Chrono Boost)  
  33  3:25  Nexus  
  33  3:28  Adept (Chrono Boost), Assimilator  
  33  3:30  Adept (Chrono Boost)  
  33  3:33  Assimilator  
  37  3:47  Probe  
  37  3:48  Pylon  
  38  3:55  Gateway  
  38  3:57  Stalker  
  38  3:59  Stalker, Probe  
  43  4:05  Pylon  
  43  4:20  Gateway  
  43  4:26  Probe, Stargate  
  44  4:38  Probe  
  45  4:42  Gateway  
  45  4:47  Probe, Forge  
  46  4:57  Probe  
  47  5:02  Adept  
  49  5:07  Probe  
  49  5:09  Adept  
  49  5:10  Stalker  
  54  5:15  Oracle (Chrono Boost)  
  54  5:17  Protoss Ground Weapons Level 1 (Chrono Boost)  
  57  5:25  Probe  
  57  5:27  Probe  
  59  5:34  Sentry x2  
  63  5:37  Adept  
  63  5:38  Sentry  
  67  5:45  Probe (Chrono Boost)  
  67  5:47  Oracle  
  71  5:51  Probe (Chrono Boost)  
  71  5:53  Probe  
  73  6:00  Zealot x2  
  77  6:05  Pylon  
  77  6:07  Probe, Pylon  
  78  6:21  Probe  
  79  6:27  Pylon  
  79  6:31  Probe  
  79  6:32  Stalker  
  79  6:33  Stalker, Zealot  
  79  6:34  Sentry  
  79  6:35  Sentry  
  90  6:41  Probe  
  90  6:45  Robotics Facility  
  91  6:51  Probe  
  88  7:26  Zealot x2  
  89  7:32  Phoenix (Chrono Boost)  
  91  7:44  Warp Prism (Chrono Boost)  
  93  7:51  Phoenix  
  95  8:00  Pylon  
  95  8:05  Probe  
  96  8:07  Robotics Bay  
  96  8:12  Phoenix  
  96  8:17  Probe, Zealot  
  101  8:22  Adept x2  
  101  8:23  Stalker  
  101  8:24  Sentry  
  109  8:29  Probe  
  110  8:40  Nexus  
  110  8:44  Assimilator  
  110  8:45  Assimilator  
  110  8:48  Pylon  
  110  8:58  Pylon  
  110  9:01  Pylon  
  110  9:04  Pylon  
  110  9:08  Twilight Council  
Show
View Real Time Build Order
Export as new Build Order

SticklerMac Zerg - Winner!

Build Orders: Hatch First 

Get SALT Encoding   

  12  0:05  Drone  
  13  0:08  Drone  
  14  0:18  Overlord  
  14  0:36  Drone x2  
  14  0:38  Drone  
  17  0:52  Hatchery  
  17  0:56  Drone  
  17  0:59  Drone  
  17  1:04  Extractor  
  17  1:10  Drone  
  18  1:17  Spawning Pool  
  17  1:21  Drone  
  18  1:33  Drone  
  19  1:48  Drone  
  19  1:54  Drone  
  21  2:04  Queen x2  
  21  2:08  Metabolic Boost  
  25  2:10  Zergling x2  
  25  2:11  Zergling x2  
  27  2:16  Drone  
  27  2:21  Overlord  
  28  2:29  Zergling x2  
  28  2:39  Overlord  
  28  2:50  Drone x2  
  28  2:51  Drone x2  
  32  2:53  Extractor  
  31  3:04  Zergling x4  
  32  3:09  Zergling x4  
  34  3:20  Drone  
  34  3:21  Drone x5  
  34  3:22  Drone  
  34  3:23  Drone  
  42  3:38  Roach Warren  
  42  3:40  Drone x2  
  43  3:41  Overlord  
  43  3:59  Overlord x3  
  43  4:03  Drone  
  43  4:04  Drone x3  
  43  4:05  Drone  
  43  4:07  Drone  
  49  4:20  Zergling x2  
  49  4:21  Overlord x2  
  49  4:22  Drone  
  51  4:27  Extractor  
  51  4:28  Lair  
  51  4:29  Extractor  
  51  4:31  Overlord  
  49  4:37  Drone x3  
  49  4:38  Drone x2  
  54  4:58  Drone x3  
  54  4:59  Drone x3  
  60  5:06  Hatchery  
  60  5:07  Drone x2  
  61  5:10  Drone x4  
  61  5:11  Drone  
  61  5:14  Roach  
  68  5:20  Roach x2  
  72  5:32  Drone  
  72  5:33  Drone  
  72  5:34  Drone  
  72  5:35  Drone x2  
  77  5:36  Spire  
  76  5:45  Infestation Pit  
  76  5:46  Drone x2  
  76  5:47  Drone x4  
  81  5:55  Drone x2  
  83  6:01  Drone x2  
  83  6:03  Extractor  
  84  6:11  Extractor  
  83  6:12  Queen x2  
  83  6:14  Drone x4  
  83  6:16  Overlord  
  83  6:17  Overlord x2  
  91  6:21  Queen  
  93  6:30  Infestor  
  93  6:31  Infestor  
  97  6:34  Overlord x2  
  97  6:35  Overlord  
  97  6:36  Overlord  
  97  6:40  Spore Crawler  
  97  6:42  Spore Crawler  
  97  6:45  Drone  
  97  6:46  Drone  
  97  6:49  Spore Crawler  
  97  6:50  Spore Crawler  
  95  6:56  Spore Crawler x2  
  93  7:01  Mutalisk  
  93  7:02  Mutalisk x4  
  93  7:04  Mutalisk  
  100  7:28  Mutalisk x7  
  100  7:29  Mutalisk x4  
  122  7:43  Mutalisk x2, Drone  
  127  7:49  Mutalisk  
  129  8:04  Mutalisk  
  129  8:05  Mutalisk  
  133  8:07  Mutalisk  
  135  8:14  Zergling x2  
  135  8:15  Zergling x32  
  152  8:24  Overlord x4  
  152  8:25  Overlord x4  
  150  9:00  Mutalisk x2  
  150  9:01  Mutalisk x6  
Tags
 
Add a new tag
Caveats
  • Supply blocks, unpowered buildings, or Contaminate may cause inaccurate times.
  • Supply counts are checked every 10 seconds.